 Dungeon Crawl Stone Soup version 0.28-a0-691-gad6df49e81 (webtiles) character file.

Game seed: 209983684334505352

2948 lunkers the Thaumaturge (level 10, -3/76 HPs)
             Began as a Djinni Cinder Acolyte on Oct 21, 2021.
             Was a High Priest of Ignis.
             Slain by a gnoll (10 damage)
             ... in a bailey.
             The game lasted 00:13:29 (8395 turns).

lunkers the Thaumaturge (Djinni Cinder Acolyte)     Turns: 8395, Time: 00:13:30

Health: -3/76      AC:  8    Str: 13    XL:     10   Next: 7%
Gold:   383        EV: 10    Int: 19    God:    Ignis [*****.] SH:  0 Dex:  9

rFire   + + +      SeeInvis .   d - staff of conjuration
rCold   . . .      Faith    .   (no shield)
rNeg    + . .      Spirit   .   p - +3 leather armour {rN+}
rPois   ∞          Reflect  .   B - +1 helmet
rElec   .          Harm     .   (no cloak)
rCorr   .          Rampage  .   (no gloves)
Will    ++...                   (boots unavailable)
Stlth   +.........              (no amulet)
HPRegen 0.22/turn               k - ring of protection from cold
MPRegen 0.00/turn               h - ring of willpower

@: flying, very slightly contaminated
A: sickness immunity, fire resistance 2, cold vulnerability 1, float, innate
caster, hp casting, extra vitality 1
a: Renounce Religion, Sea of Fire, Foxfire Swarm, Rising Flame


You were in a bailey.
You worshipped Ignis.
Ignis was extremely pleased with you.
You visited 1 branch of the dungeon, and saw 7 of its levels.
You also visited: Bailey.

You collected 383 gold pieces.

Inventory:

Hand Weapons
 a - a -1 short sword of flaming
 c - a +1 short sword of protection
Armour
 b - a +0 robe
 p - a +3 leather armour of positive energy (worn)
 B - a +1 helmet (worn)
Magical Staves
 d - a staff of conjuration (weapon)
Jewellery
 h - a ring of willpower (right hand)
 k - a ring of protection from cold (left hand)
 n - a ring of fire
Wands
 l - a wand of acid (11)
 t - a wand of iceblast (11)
 A - a wand of digging (4)
Scrolls
 f - a scroll of magic mapping
 q - 2 scrolls of teleportation {unknown}
 u - 2 scrolls of amnesia {unknown}
 v - a scroll of immolation {unknown}
 x - a scroll of blinking {unknown}
 y - a scroll of acquirement {unknown}
Potions
 g - 3 potions of might
 j - 2 potions of curing
 r - a potion of invisibility
 s - 2 potions of cancellation
 w - a potion of flight
 z - a potion of lignification {unknown}


   Skills:
 + Level 8.2 Fighting
 - Level 2.6 Short Blades
 * Level 8.8 Spellcasting


You had 14 spell levels left.
You knew the following spells:

 Your Spells              Type           Power      Damage    Failure   Level
a - Stone Arrow           Conj/Erth      100%       3d13      1%          3
b - Shock                 Conj/Air       100%       1d9       1%          1
c - Poisonous Vapours     Pois/Air       82%        N/A       1%          2
d - Iskenderun's Mystic   Conj/Tloc      58%        2d12      2%          4
p - Scorch                Fire           82%        2d9       1%          2
Your spell library was empty.

Dungeon Overview and Level Annotations

Branches:
Dungeon (7/15)             Temple (0/1) D:4          Bailey (1/1)

Altars:
Fedhas
Gozag
Makhleb

Shops:
D:6 :


Innate Abilities, Weirdness & Mutations

You are immune to sickness and miasma.
You are immune to poison.
Your flesh is very heat resistant. (rF++)
You are vulnerable to cold. (rC-)
You float through the air rather than walking.
You learn spells naturally, not from books.
Your magical power is your life essence.
You have superior vitality. (+4 HP)


Message History

* * * LOW HITPOINT WARNING * * *
Unknown command.
Unknown command.
Casting: Scorch (safe; 1% risk of failure)
Press: ? - help, Q - select action, (/) - cycle Dir - look around, f - activate Flames lash the gnoll.
The gnoll is almost dead.
The gnoll's fire resistance burns away.
* * * LOW HITPOINT WARNING * * *
The gnoll hits you from afar with a +0 halberd.
* * * LOW HITPOINT WARNING * * *
The gnoll hits you from afar with a +0 halberd.
* * * LOW HITPOINT WARNING * * *
The gnoll hits you from afar with a +0 halberd.
* * * LOW HITPOINT WARNING * * *
There is an empty arch of ancient stone here.
Casting: Scorch (safe; 1% risk of failure)
Press: ? - help, Q - select action, (/) - cycle Dir - look around, f - activate Flames lash the gnoll.
The gnoll is burned terribly!
You kill the gnoll!
* * * LOW HITPOINT WARNING * * *
The gnoll hits you from afar with a +0 halberd.
* * * LOW HITPOINT WARNING * * *
Unknown command.
Casting: Scorch (safe; 1% risk of failure)
Press: ? - help, Q - select action, (/) - cycle Dir - look around, f - activate You miscast Scorch.
You are very lightly contaminated with residual magic.
Nothing appears to happen.
* * * LOW HITPOINT WARNING * * *
The gnoll misses you.
Unknown command.
Unknown command.
Aiming: Iceblast
Press: ? - help, Shift-Dir - straight line, f - gnoll
Aim: a gnoll, wielding a +0 halberd and wearing a +0 scale mail The mass of ice explodes!
The iceblast engulfs the gnoll but does no damage.
The gnoll hits you from afar with a +0 halberd!
You die...

#..≈.
#..≈.♣♣
#..≈..♣
#..≈..♣
#..≈..♣♣
#..≈...♣♣
+.......♣♣♣#
+....).@..∩#
+....g..♣♣♣#
#..≈...♣♣
#..≈...♣
#..≈...♣
#..≈..♣♣
#..≈.♣♣
#..≈.


You could see a gnoll.

Vanquished Creatures
  Grinder (D:6)
  Sigmund (D:3)
  2 steam dragons
  Eustachio (D:4)
  Menkaure (D:7)
  A water moccasin (D:6)
  2 black bears
  A necrophage (D:4)
  2 ogres
  Blork the orc (D:4)
  2 scorpions
  A water moccasin skeleton (D:4)
  13 wights
  A bullfrog zombie (D:6)
  6 hounds
  2 jellies
  2 centaur skeletons (D:7)
  2 gnoll shamans
  Ijyb (D:4)
  3 iguanas
  Natasha (thrice) (D:3)
  An orc wizard (D:5)
  A hound skeleton (D:5)
  6 gnolls
  5 adders
  A white imp (D:7)
  An ufetubus (D:4)
  An adder zombie (D:5)
  2 worms (D:2)
  15 dart slugs
  3 orcs
  7 bats
  4 endoplasms
  5 giant cockroaches
  13 goblins
  10 hobgoblins
  4 jackals (D:1)
  3 quokkas
  7 ball pythons
  3 frilled lizards (D:1)
  5 kobolds
  2 rats
148 creatures vanquished.

Notes
Turn   | Place    | Note
-------+----------+-------------------------------------------
     0 | D:1      | lunkers the Djinni Cinder Acolyte began the quest for the
                  | Orb.
     0 | D:1      | Reached XP level 1. HP: 20/20 MP: 0/0
   210 | D:1      | Reached XP level 2. HP: 4/25 MP: 0/0
   214 | D:1      | HP: 1/25 [jackal (1)]
   815 | D:1      | Reached XP level 3. HP: 16/30 MP: 0/0
   815 | D:1      | Learned a level 1 spell: Shock
  1513 | D:1      | Reached XP level 4. HP: 30/35 MP: 0/0
  2858 | D:2      | Reached XP level 5. HP: 35/41 MP: 0/0
  2858 | D:2      | Learned a level 2 spell: Poisonous Vapours
  2858 | D:2      | You are sucked into a shaft and drop 1 floor!
  2894 | D:3      | Noticed Natasha
  2901 | D:3      | Killed Natasha
  3256 | D:3      | Noticed Natasha
  3261 | D:3      | Killed Natasha
  3560 | D:3      | Found a burning altar of Makhleb.
  3721 | D:3      | Noticed Natasha
  3727 | D:3      | Killed Natasha
  3728 | D:3      | Reached XP level 6. HP: 38/48 MP: 0/0
  3885 | D:3      | Noticed Sigmund
  3897 | D:3      | Killed Sigmund
  4082 | D:4      | Reached XP level 7. HP: 48/53 MP: 0/0
  4082 | D:4      | Learned a level 3 spell: Stone Arrow
  4138 | D:4      | Reached skill level 5 in Fighting
  4138 | D:4      | Reached skill level 5 in Spellcasting
  4188 | D:4      | Found a staircase to the Ecumenical Temple.
  4581 | D:4      | Noticed Eustachio
  4642 | D:4      | Killed Eustachio
  4821 | D:4      | Found an opulent altar of Gozag.
  4891 | D:4      | Reached XP level 8. HP: 56/60 MP: 0/0
  5299 | D:4      | Noticed Ijyb
  5302 | D:4      | Noticed Blork the orc
  5305 | D:4      | Killed Ijyb
  5312 | D:4      | Killed Blork the orc
  5546 | D:5      | Entered Level 5 of the Dungeon
  6605 | D:6      | Found Imytapeh's Book Shoppe.
  6744 | D:6      | Found a blossoming altar of Fedhas.
  6770 | D:6      | Noticed Grinder
  6776 | D:6      | Killed Grinder
  6777 | D:6      | Reached XP level 9. HP: 44/67 MP: 0/0
  6777 | D:6      | Learned a level 4 spell: Iskenderun's Mystic Blast
  8180 | D:7      | Found a flagged portal.
  8190 | D:7      | Reached XP level 10. HP: 55/76 MP: 0/0
  8194 | D:7      | Noticed Menkaure
  8201 | D:7      | Killed Menkaure
  8383 | Bailey   | Entered a bailey
  8395 | Bailey   | Slain by a gnoll

Illustrated notes

Levels and vault maps discovered:
D:1:      dpeg_arrival_rooms_c, layout_basic
D:2:      layout_basic, shapermc_ecumenical_altar_hornbeckon, minmay_between
D:3:      layout_basic, mainiacjoe_overflow_concentric_impassable, uniq_natasha,
          uniq_sigmund
D:4:      kennysheep_slugbush, layout_basic,
          nicolae_gozag_cash_rules_everything_around_me,
          minmay_temple_entry_arrows, uniq_eustachio, uniq_ijyb,
          uniq_blork_the_orc
D:5:      layout_basic
D:6:      layout_layer_cave, mainiacjoe_overflow_boulevard, serial_shops,
          nicolae_shop_waterfront, uniq_grinder
D:7:      layout_rooms, gammafunk_temple_overflow_statue,
          gammafunk_ghost_cemetery, serial_glass, glass_columns_b,
          glass_columns_a, enter_bailey_5, uniq_joseph, uniq_menkaure
Bailey:   bailey_polearm_gnolls_kennysheep, bailey

Skill      XL: |  1  2  3  4  5  6  7  8  9 |
---------------+----------------------------+-----
Spellcasting   | 3 4 5 7 8 |  8.8
Fighting       | 4 5 6 8 |  8.2
Short Blades   | |  2.6

Action                   |  1- 3 |  4- 6 |  7- 9 | 10-12 || total
-------------------------+-------+-------+-------+-------++-------
Melee: Short sword       |    39 |       |       |       ||    39
 Cast: Scorch            |    27 |    55 |       |    11 ||    93
       Shock             |     5 |     5 |       |       ||    10
       Poisonous Vapours |       |    15 |       |       ||    15
       Stone Arrow       |       |       |   129 |       ||   129
Evoke: Wand              |       |       |       |     1 ||     1
  Use: Scroll            |       |       |     9 |       ||     9
Armor: Robe              |     9 |     1 |     2 |       ||    12
       Leather armour    |       |       |     5 |     3 ||     8
Dodge: Dodged            |    28 |     7 |    17 |     4 ||    56

Table legend: (Time is in decaauts)
 A = Elapsed time spent in this place.
 B = Non-inter-level travel time spent in this place.
 C = Inter-level travel time spent in this place.
 D = Time resting spent in this place.
 E = Time spent auto-exploring this place.
 F = Levels seen in this place.
 G = Mean time per level.
                   A        B        C        D        E       F      G
               +--------+--------+--------+--------+--------+-----+--------+
         Total |   8391 |   8213 |    178 |    683 |   6727 |   8 | 1048.9 |
       Dungeon |   8379 |   8201 |    178 |    683 |   6727 |   7 | 1197.0 |
        Bailey |     11 |     11 |      0 |      0 |      0 |   1 |   11.0 |
               +--------+--------+--------+--------+--------+-----+--------+

Top non-repeatable levels by time:
     D:1: 1956 daAuts
     D:4: 1728 daAuts
     D:6: 1368 daAuts
     D:3: 1170 daAuts
     D:2: 898 daAuts
     D:5: 847 daAuts
     D:7: 408 daAuts
  Bailey: 11 daAuts
